 Dungeon Crawl Stone Soup version 0.18-a0-1539-g1c7284a (webtiles) character file.

585 namelastname112 the Martial Artist (level 7, 0/57 HPs)
             Began as a Purple Draconian Monk on Mar 9, 2016.
             Killed from afar by an orc wizard (8 damage)
             ... with a magic dart
             ... on level 5 of the Dungeon.
             The game lasted 00:04:02 (4291 turns).

namelastname112 the Martial Artist (DrMo)           Turns: 4291, Time: 00:04:03

Health: 0/57       AC:  6    Str: 14    XL:     7   Next: 14%
Magic:  7/7        EV: 13    Int: 10    God:
Gold:   197        SH:  0    Dex: 15    Spells: 0 memorised, 6 levels left

rFire  . . .     SeeInvis .       - Unarmed
rCold  . . .     Gourm    .     (armour unavailable)
rNeg   . . .     Faith    .     (no shield)
rPois  .         Spirit   .     (helmet restricted)
rElec  .         Dismiss  .     (no cloak)
rCorr  .         Reflect  .     (no gloves)
SustAt .         Harm     .     (no boots)
MR     +....                    (no amulet)
Stlth  ++........               (no ring)
                                (no ring)

@: somewhat resistant to hostile enchantments, unstealthy
A: breathe power, unfitting armour, cold-blooded, AC +6
a: Breathe Dispelling Energy


You were on level 5 of the Dungeon.
You were hungry.

You visited 1 branch of the dungeon, and saw 5 of its levels.

You collected 197 gold pieces.

Inventory:

Wands
 u - a wand of slowing (30/48)
 w - a wand of lightning (0/15)
Scrolls
 b - 8 scrolls of identify {unknown}
 d - a scroll of immolation {unknown}
 e - 2 scrolls of amnesia {unknown}
 h - 2 scrolls of remove curse {unknown}
 k - a scroll of blinking {unknown}
 l - a scroll of noise {unknown}
 n - a scroll of enchant armour {unknown}
 q - 3 scrolls of fog {unknown}
 s - a scroll of enchant weapon {unknown}
 v - a scroll of random uselessness {unknown}
 x - 3 scrolls of teleportation {unknown}
 y - 2 scrolls of magic mapping {unknown}
 B - a scroll of recharging {unknown}
Potions
 c - 2 potions of lignification {unknown}
 i - a potion of degeneration {unknown}
 m - 2 potions of curing
 o - a potion of brilliance {unknown}
 p - a potion of cancellation {unknown}
 r - a potion of invisibility {unknown}
 A - a potion of magic {unknown}
Books
 t - Vehumet's Almanac of Blows and Bruises
   (You found it on level 3 of the Dungeon)

   Spells                             Type                      Level
   a - Magic Dart                     Conjuration                  1
Comestibles
 a - 4 bread rations
 f - a slice of pizza
 g - a beef jerky
 j - 3 fruits


   Skills:
 - Level 3.2 Fighting
 - Level 2.6 Dodging
 - Level 1.7 Stealth
 + Level 8.7 Unarmed Combat


You had 6 spell levels left.
You didn't know any spells.

Dungeon Overview and Level Annotations

Branches:
Dungeon (5/15)
 Temple: D:4-7

Altars:
Dithmenos
Kikubaaqudgha
Ru
Sif Muna
Vehumet


Innate Abilities, Weirdness & Mutations

You can breathe bolts of dispelling energy.
Your rich purple scales are hard (AC +6).
Your body does not fit into most forms of armour.
You are cold-blooded and may be slowed by cold attacks.


Message History

You are too injured to fight recklessly!
You are too injured to fight recklessly!
You are too injured to fight recklessly!
You are too injured to fight recklessly!
You are too injured to fight recklessly!
You are too injured to fight recklessly!
You are too injured to fight recklessly!
You are too injured to fight recklessly!
You are too injured to fight recklessly!
You are too injured to fight recklessly!
The orc priest looks braver for a moment.
The orc wizard points at you and mumbles some strange words.
The magic dart hits you!
* * * LOW HITPOINT WARNING * * *
The orc wizard casts a spell.
The orc wizard seems to speed up.
The orc priest miscasts a cantrip.
The orc wizard points at you and mumbles some strange words.
The magic dart hits you!
You die...

#... #..#.#. #..# ####
#..#.#. #..# ...
#..#.#. #.o#
#.######..#.#. #.o#
#.....##.)#.#. #..#
#.....##..#.## #..#
#.........#.##
#.O######.....##....##
#..o.@........#######
#.########....#
#...........##########
####..................
#.#################
#.# #.# #.# #.#


You could see an ogre and an orc wizard.

Vanquished Creatures
  An ice beast (D:5)
  A phantom (D:4)
  Blork the orc (D:5)
  A hound (D:4)
  Terence (D:3)
  Jessica (D:2)
  2 worker ants (D:4)
  Natasha (twice) (D:2)
  An iguana (D:5)
  4 gnolls (D:5)
  3 adders
  An ooze (D:2)
  An adder skeleton (D:4)
  A worm (D:3)
  A dart slug (D:2)
  A giant gecko (D:3)
  2 orcs
  2 ball pythons
  2 giant cockroaches
  11 goblins
  5 hobgoblins
  7 jackals
  2 quokkas (D:3)
  5 bats
  4 giant newts
  2 kobolds (D:1)
  8 rats
73 creatures vanquished.

Notes
Turn   | Place    | Note
--------------------------------------------------------------
     0 | D:1      | namelastname112 the Draconian Monk began the quest for the Orb.
     0 | D:1      | Reached XP level 1. HP: 19/19 MP: 1/1
   491 | D:1      | Reached XP level 2. HP: 26/26 MP: 2/2
   929 | D:2      | Noticed Natasha
   943 | D:2      | Killed Natasha
   943 | D:2      | Reached skill level 5 in Unarmed Combat
   943 | D:2      | Reached XP level 3. HP: 20/31 MP: 3/3
  1222 | D:2      | Noticed Natasha
  1235 | D:2      | Killed Natasha
  1445 | D:2      | Noticed Jessica
  1453 | D:2      | Reached XP level 4. HP: 38/38 MP: 4/4
  1490 | D:2      | Killed Jessica
  1490 | D:2      | Reached skill level 6 in Unarmed Combat
  2367 | D:3      | Reached XP level 5. HP: 29/45 MP: 5/5
  2527 | D:3      | Found an ancient bone altar of Kikubaaqudgha.
  2528 | D:3      | Found a deep blue altar of Sif Muna.
  2530 | D:3      | Found a radiant altar of Vehumet.
  2537 | D:3      | Identified Vehumet's Almanac of Blows and Bruises
  2572 | D:3      | Noticed Terence
  2589 | D:3      | Killed Terence
  2658 | D:3      | Found a sacrificial altar of Ru.
  3062 | D:4      | Noticed a phantom
  3093 | D:4      | Killed a phantom
  3093 | D:4      | Reached skill level 7 in Unarmed Combat
  3108 | D:4      | Reached XP level 6. HP: 34/51 MP: 6/6
  3608 | D:5      | Entered Level 5 of the Dungeon
  3615 | D:5      | Found a shadowy altar of Dithmenos.
  3738 | D:5      | Reached skill level 8 in Unarmed Combat
  3881 | D:5      | Noticed Blork the orc
  3893 | D:5      | Killed Blork the orc
  4150 | D:5      | Noticed an ice beast
  4159 | D:5      | Killed an ice beast
  4159 | D:5      | Your scales start taking on a rich purple colour.
  4159 | D:5      | Reached XP level 7. HP: 40/57 MP: 7/7
  4291 | D:5      | Killed from afar by an orc wizard

Vault maps used:
D:1:      lightli_arrival_maybe_door_vault
D:2:      kennysheep_the_goblin_king, uniq_natasha, uniq_jessica
D:3:      grunt_temple_overflow_magic_moments, old_standard_altar, uniq_terence
D:4:      abandoned_shop
D:5:      kennysheep_mini_moat, first_bread, uniq_edmund, uniq_pikel,
          uniq_blork_the_orc

Skill      XL: |  1  2  3  4  5  6 |
---------------+-------------------+-----
Unarmed Combat | 5 6 7 8 |  8.7
Fighting       | |  3.2
Dodging        | |  2.6
Stealth        | |  1.7

Action                   |  1- 3 |  4- 6 |  7- 9 || total
-------------------------+-------+-------+-------++-------
Melee: Unarmed           |    63 |   202 |     7 ||   272
Evoke: Wand              |       |     1 |       ||     1
 Stab: Sleeping          |     1 |     4 |       ||     5
       Distracted        |     1 |       |       ||     1
  Eat: Chunk             |     2 |     8 |       ||    10
